 Dungeon Crawl Stone Soup version 0.28-a0-479-g5baa6b73be (webtiles) character file.

Game seed: 4221624299841256334

118 speeev33 the Skirmisher (level 5, -6/47 HPs)
             Began as a Hill Orc Fighter on Sept 19, 2021.
             Blown up by Ijyb (30 damage)
             ... with a mindburst bolt
             ... on level 3 of the Dungeon.
             The game lasted 00:02:11 (1695 turns).

speeev33 the Skirmisher (Hill Orc Fighter)          Turns: 1695, Time: 00:02:12

Health: -6/47      AC:  8    Str: 20    XL:     5   Next: 2%
Magic:  5/5        EV:  9    Int:  8    God:
Gold:   57         SH:  4    Dex: 10    Spells: 4/4 levels left

rFire   . . .      SeeInvis .   a - +1 war axe
rCold   . . .      Faith    .   c - +0 buckler
rNeg    . . .      Spirit   .   b - +0 scale mail
rPois   .          Reflect  .   (no helmet)
rElec   .          Harm     .   (no cloak)
rCorr   +          Rampage  .   e - +0 pair of gloves
Will    .....                   (no boots)
Stlth   ..........              (no amulet)
HPRegen 0.15/turn               i - ring of resist corrosion
MPRegen 0.09/turn               (no ring)

@: mighty
A: no striking features
a: no special abilities


You were on level 3 of the Dungeon.
You visited 1 branch of the dungeon, and saw 3 of its levels.

You collected 57 gold pieces.

Inventory:

Hand Weapons
 a - a +1 war axe (weapon)
Armour
 b - a +0 scale mail (worn)
 c - a +0 buckler (worn)
 e - a +0 pair of gloves (worn)
Jewellery
 i - a ring of resist corrosion (left hand)
Scrolls
 g - 2 scrolls of identify
Potions
 d - a potion of might
 f - 2 potions of brilliance
 h - a potion of mutation {unknown}


   Skills:
 + Level 4.6 Fighting
 + Level 4.0 Axes
 + Level 4.2 Armour
 - Level 4.0 Shields


You had 4 spell levels left.
You didn't know any spells.
Your spell library was empty.

Dungeon Overview and Level Annotations

Branches:
Dungeon (3/15)

Altars:
Elyvilon

Annotations:
D:3 Ijyb


Message History

The adder bites you but does no damage. x2
You hit the adder.
The adder is almost dead.
The adder bites you but does no damage. The adder completely misses you.
You miss the adder.
The adder is almost dead.
You block the adder's attack.
You barely miss the adder.
The adder is almost dead.
The adder bites you but does no damage. The adder closely misses you.
You barely miss the adder.
The adder is almost dead.
The adder barely misses you. The adder bites you but does no damage.
You slash the adder!
You kill the adder!
No target in view!
i - a ring of resist corrosion
i - a ring of resist corrosion (left hand)
A hobgoblin comes into view.
The hobgoblin shouts!
You slash the hobgoblin!
You kill the hobgoblin!
No target in view!
No target in view!
An adder comes into view.
The adder hisses angrily.
You closely miss the adder. The adder bites you. You block the adder's attack.
You closely miss the adder. You block the adder's attack.
You slash the adder!
You kill the adder!
Your Axes skill increases to level 4!
You have reached level 5!
You feel stronger.
Ijyb is nearby!
You feel very mighty all of a sudden.
Ijyb shouts!
Ijyb zaps a wand.
Your mind is blasted!
Ijyb zaps a wand.
Your mind is blasted!
Ouch! That really hurt!
You die...

.)....#..........................
≈.....#.....................#....
.###..#...................
.####.....................#
....##.................
#...#..................
#.....#......g......#
##..###.........†##.#
#....#..........@.#.#
...........##..##.#.#
.......###.....##...#
....#####......###.....#
......###...#......###.....
..###.##...##......# #..#
.........#.#####....# .#
...##....#.# ###..# ... ####.#.#
#...


You could see Ijyb.

Vanquished Creatures
  An iguana (D:3)
  A gnoll (D:1)
  3 adders
  A dart slug (D:3)
  3 endoplasms (D:3)
  2 giant cockroaches
  8 goblins
  9 hobgoblins
  5 jackals
  2 quokkas
  4 ball pythons
  3 bats
  4 frilled lizards
  5 kobolds
  A rat (D:1)
52 creatures vanquished.

Vanquished Creatures (others)
  3 plants (D:3)
3 creatures vanquished.

Grand Total: 55 creatures vanquished

Notes
Turn   | Place    | Note
-------+----------+-------------------------------------------
     0 | D:1      | speeev33 the Hill Orc Fighter began the quest for the Orb.
     0 | D:1      | Reached XP level 1. HP: 19/19 MP: 1/1
   274 | D:1      | Reached XP level 2. HP: 27/27 MP: 2/2
   504 | D:1      | Reached XP level 3. HP: 33/33 MP: 3/3
   765 | D:2      | Found a faded altar of an unknown god.
  1313 | D:3      | Reached XP level 4. HP: 29/40 MP: 4/4
  1324 | D:3      | Noticed Ijyb
  1606 | D:3      | Found a white marble altar of Elyvilon.
  1667 | D:3      | Reached XP level 5. HP: 42/47 MP: 5/5
  1695 | D:3      | Blown up by Ijyb

Illustrated notes

Levels and vault maps discovered:
D:1:      wheals_arrival_shading, layout_rooms, minmay_ruptured
D:2:      layout_rooms, hellmonk_ecumenical_altar_pennies_from_heaven,
          chequers_serial_rivers_room_b
D:3:      layout_rooms, nicolae_elyvilon_temple_path, uniq_ijyb

Skill      XL: |  1  2  3  4 |
---------------+-------------+-----
Axes           | 3 4 |  4.0
Fighting       | 4 |  4.6
Armour         | 4 |  4.2
Shields        | 4 |  4.0

Action                   |  1- 3 |  4- 6 || total
-------------------------+-------+-------++-------
Melee: War axe           |    87 |    41 ||   128
  Use: Scroll            |     4 |       ||     4
       Potion            |       |     1 ||     1
Armor: Scale mail        |    48 |    15 ||    63
Dodge: Dodged            |    52 |    20 ||    72
Block: Buckler           |    33 |     9 ||    42

Table legend: (Time is in decaauts)
 A = Elapsed time spent in this place.
 B = Non-inter-level travel time spent in this place.
 C = Inter-level travel time spent in this place.
 D = Time resting spent in this place.
 E = Time spent auto-exploring this place.
 F = Levels seen in this place.
 G = Mean time per level.
                   A        B        C        D        E       F      G
               +--------+--------+--------+--------+--------+-----+--------+
         Total |   1740 |   1701 |     39 |    153 |   1166 |   3 |  580.0 |
       Dungeon |   1740 |   1701 |     39 |    153 |   1166 |   3 |  580.0 |
               +--------+--------+--------+--------+--------+-----+--------+

Top non-repeatable levels by time:
     D:1: 748 daAuts
     D:2: 686 daAuts
     D:3: 305 daAuts
